 Dungeon Crawl Stone Soup version 0.18.1-48-g4cf74bf (webtiles) character file.

274 Doomgape the Ruffian (level 6, -2/47 HPs)
             Began as a Minotaur Transmuter on July 11, 2016.
             Killed by nerve-wracking pain
             ... invoked by an orc priest
              (12 damage)
             ... on level 4 of the Dungeon.
             The game lasted 00:08:44 (3200 turns).

Doomgape the Ruffian (Minotaur Transmuter)          Turns: 3200, Time: 00:08:46

Health: -2/47      AC:  8    Str: 19 (21) XL:     6   Next: 3%
Magic:  16/16      EV: 10    Int:  7 (10) God:
Gold:   113        SH:  0    Dex:  9 (11) Spells: 2 memorised, 3 levels left

rFire  + . .     SeeInvis .     q - +0 spear (curse)
rCold  . . .     Gourm    .     y - +0 scale mail
rNeg   . . .     Faith    .     (no shield)
rPois  .         Spirit   .     (helmet restricted)
rElec  .         Dismiss  .     u - +1 cloak
rCorr  .         Reflect  .     (no gloves)
SustAt .         Harm     .     (no boots)
MR     .....                    t - amulet of magic regeneration
Stlth  ..........               x - ring of protection from fire
                                o - ring of magical power

@: mighty, lethally poisoned (-2 -> -8), very slightly contaminated, invisible,
not resistant to hostile enchantments, extremely unstealthy
A: retaliatory headbutt, horns 2
a: no special abilities


You were on level 4 of the Dungeon.
You were not hungry.

You visited 1 branch of the dungeon, and saw 4 of its levels.

You collected 113 gold pieces.

Inventory:

Hand Weapons
 q - a cursed +0 spear (weapon)
Missiles
 a - 55 arrows
Armour
 u - a +1 cloak (worn)
 y - a +0 scale mail (worn)
Jewellery
 o - a ring of magical power (left hand)
 t - an amulet of magic regeneration (around neck)
 x - a ring of protection from fire (right hand)
Wands
 v - a wand of slowing (41/48)
Scrolls
 i - 2 scrolls of identify
 r - a scroll of immolation
 w - 2 scrolls of enchant armour
Potions
 e - a potion of heal wounds
 f - a potion of mutation {unknown}
 h - a potion of haste {unknown}
 j - a potion of invisibility
 k - a potion of lignification {unknown}
 m - a potion of berserk rage {unknown}
 n - a potion of brilliance {unknown}
 s - 2 potions of might
 A - a potion of agility {unknown}
Books
 c - a book of Changes

   Spells                             Type                      Level
   a - Beastly Appendage              Transmutation                1
   b - Sticks to Snakes               Transmutation                2
   c - Spider Form                    Transmutation/Poison         3
   d - Ice Form                       Ice/Transmutation            4
   e - Blade Hands                    Transmutation                5
Comestibles
 d - 3 bread rations
 g - a beef jerky
 l - a meat ration
 p - a slice of pizza
 z - a fruit


   Skills:
 - Level 1.2 Fighting
 - Level 2.1 Dodging
 + Level 7.4 Unarmed Combat
 - Level 1.3 Spellcasting
 - Level 1.5 Transmutations


You had 3 spell levels left.
You knew the following spells:

 Your Spells              Type           Power        Failure   Level  Hunger
a - Beastly Appendage     Trmt           #.....       80%         1    ##.....
b - Spider Form           Trmt/Pois      #.........   100%        3    ####...


Dungeon Overview and Level Annotations

Branches:
Dungeon (4/15)
 Temple: D:4-7

Altars:
Sif Muna


Innate Abilities, Weirdness & Mutations

You reflexively headbutt those who attack you in melee.
You have a pair of horns on your head.


Message History

You feel sick.
The phantom blinks!
Drink which item? (? for menu, Esc to quit)
It was a potion of might.
You feel very mighty all of a sudden.
The orc priest invokes the aid of Beogh against you.
Beogh smites you!
* * * LOW HITPOINT WARNING * * *
Drink which item? (? for menu, Esc to quit)
It was a potion of invisibility.
You fade into invisibility!
You feel sick. The orc priest barely misses you.
You are very lightly contaminated with residual magic.
Drink which item? (? for menu, Esc to quit)
It was a potion of degeneration.
There was something very wrong with that liquid.
You feel weakened.
You feel dopey.
You feel clumsy.
You feel sick.
The orc priest invokes the aid of Beogh against you.
Pain shoots through your body!
You die...

#......##.#.#
###.##.##.#.#
.##......# ##
######.### ..
#.######## ##.
######........# .
#..
...##..#####.#
....#.o####.##..#
#...so@.......#
......!####.###.#
....... #.# #.#
#####.o ..# #..
### #### ####


You could see a scorpion, an orc priest and an orc.

Vanquished Creatures
  A hound (D:4)
  An orc wizard (D:4)
  Jessica (D:3)
  An iguana (D:3)
  A worker ant (D:4)
  6 adders
  An ooze (D:3)
  4 worms
  A dart slug (D:1)
  5 giant geckos
  4 orcs
  4 ball pythons (D:2)
  A giant cockroach (D:2)
  10 hobgoblins
  3 jackals
  2 bats
  8 giant newts
  7 goblins
  4 kobolds
  3 rats
68 creatures vanquished.

Notes
Turn   | Place    | Note
--------------------------------------------------------------
     0 | D:1      | Doomgape the Minotaur Transmuter began the quest for the Orb.
     0 | D:1      | Reached XP level 1. HP: 16/16 MP: 1/1
   165 | D:1      | Reached XP level 2. HP: 17/23 MP: 3/3
   257 | D:1      | Reached skill level 4 in Unarmed Combat
   801 | D:2      | Reached XP level 3. HP: 24/28 MP: 4/4
   996 | D:2      | Reached skill level 5 in Unarmed Combat
  1760 | D:2      | Learned a level 3 spell: Spider Form
  1896 | D:2      | Reached XP level 4. HP: 26/35 MP: 5/5
  2283 | D:3      | Found a deep blue altar of Sif Muna.
  2377 | D:3      | Reached skill level 6 in Unarmed Combat
  2730 | D:3      | Noticed Jessica
  2734 | D:3      | Killed Jessica
  2734 | D:3      | Reached XP level 5. HP: 40/40 MP: 6/6
  3116 | D:4      | Reached skill level 7 in Unarmed Combat
  3181 | D:4      | Noticed a phantom
  3197 | D:4      | Reached XP level 6. HP: 24/47 MP: 7/7
  3200 | D:4      | Killed from afar by an orc priest

Skill      XL: |  1  2  3  4  5 |
---------------+----------------+-----
Unarmed Combat | 4 5 6 7 |  7.4
Fighting       | |  1.2
Dodging        | |  2.1
Spellcasting   | |  1.3
Transmutations | |  1.5

Action                   |  1- 3 |  4- 6 || total
-------------------------+-------+-------++-------
Melee: Unarmed           |    75 |       ||    75
       Headbutt          |    12 |    22 ||    34
       Spear             |    33 |   115 ||   148
       Punch             |     1 |     3 ||     4
       Kick              |     1 |       ||     1
 Cast: Beastly Appendage |     1 |       ||     1
  Use: Scroll            |     3 |     2 ||     5
       Potion            |       |     4 ||     4
 Stab: Sleeping          |       |     1 ||     1
       Distracted        |       |     1 ||     1
  Eat: Chunk             |     3 |     4 ||     7
Armor: Robe              |     4 |     2 ||     6
       Scale mail        |       |    25 ||    25
Dodge: Dodged            |    52 |    61 ||   113
